 Dungeon Crawl Stone Soup version 0.15.0-34-g666c3a1 (webtiles) character file.

221 Johnny the Chiller (level 5, -4/41 HPs)
             Began as a Demigod Ice Elementalist on Sept 16, 2014.
             Slain by an ogre
             ... wielding a cursed +0 giant spiked club
              (21 damage)
             ... on Level 4 of the Dungeon.
             The game lasted 00:09:06 (4495 turns).

Johnny the Chiller (Demigod Ice Elementalist)       Turns: 4495, Time: 00:09:06

HP  -4/41        AC  7     Str 13      XL: 5   Next: 38%
MP   8/12        EV  9     Int 20      God:
Gold 126         SH  0     Dex 17      Spells:  2 memorised,  5 levels left

rFire  . . .     SeeInvis .     n - +0 trident
rCold  + . .     Clarity  .     p - +0 ring mail (curse)
rNeg   . . .     rCorr    .     (no shield)
rPois  .         rRot     .     d - +0 helmet
rElec  .         Spirit   .     (no cloak)
SustAb .         Warding  .     w - +0 pair of gloves
rMut   .         Stasis   .     (no boots)
Gourm  .                        (no amulet)
MR     .....                    s - +1 ring of strength
                                f - ring of protection from cold

@: not resistant to hostile enchantments, unstealthy
A: no striking features
a: no special abilities


You were on level 4 of the Dungeon.
You were not hungry.

You visited 1 branch of the dungeon, and saw 4 of its levels.

You collected 126 gold pieces.

Inventory:

Hand weapons
 n - a +0 trident (weapon)
Armour
 d - a +0 helmet (worn)
 p - a cursed +0 ring mail (worn)
 w - a +0 pair of gloves (worn)
Comestibles
 c - 6 bread rations
 i - 7 meat rations
 k - 2 fruits
 q - a chunk of rat flesh
Scrolls
 e - a scroll of magic mapping
 g - a scroll of fear {unknown}
 h - a scroll of remove curse
 o - a scroll of amnesia
 r - a scroll of random uselessness {unknown}
 v - a scroll of identify
Jewellery
 f - a ring of protection from cold (left hand)
 m - an uncursed ring of teleport control
 s - a +1 ring of strength (right hand)
 t - an uncursed ring of ice {unknown}
 u - a +4 ring of evasion {unknown}
Potions
 a - a potion of poison {unknown}
 j - a potion of degeneration {unknown}
 l - 2 potions of cancellation {unknown}
Books
 b - a book of Frost

   Spells                             Type                      Level
   *Freeze                            Ice                          1
   *Throw Frost                       Conjuration/Ice              2
   Ozocubu's Armour                   Charms/Ice                   3
   Throw Icicle                       Conjuration/Ice              4
   Summon Ice Beast                   Ice/Summoning                4
   Condensation Shield                Ice                          4


   Skills:
 * Level 2.1 Fighting
 + Level 1.1 Armour
 * Level 2.8 Dodging
 + Level 2.6 Stealth
 * Level 2.3 Spellcasting
 - Level 0.8 Conjurations
 * Level 3.7 Ice Magic


You had 5 spell levels left.
You knew the following spells:

 Your Spells              Type           Power        Failure   Level  Hunger
a - Throw Frost           Conj/Ice       ##....       14%         2    ##.....
f - Freeze                Ice            ###.         6%          1    #......


Dungeon Overview and Level Annotations

Branches:
Dungeon (4/15)
 Temple: D:4-7


Message History

Aim: an ogre, wielding a giant spiked club (lightly wounded)
You freeze the ogre.
The ogre is moderately wounded.
Casting: Freeze
Confirm with . or Enter, or press ? or * to list all spells.
Aiming: Freeze
Press: ? - help, Shift-Dir - straight line, f/p - ogre
Aim: an ogre, wielding a giant spiked club (moderately wounded)
You freeze the ogre.
The ogre is heavily wounded.
Casting: Freeze
Confirm with . or Enter, or press ? or * to list all spells.
Aiming: Freeze
Press: ? - help, Shift-Dir - straight line, f/p - ogre
Aim: an ogre, wielding a giant spiked club (heavily wounded)
You freeze the ogre.
The ogre is severely wounded.
The ogre hits you with a giant spiked club!!
Ouch! That really hurt!
You die...

##. ##.. #...
#### #... #..###
#... #....# ##..
#.##.# #...
....#####.##.###
#...
....oooO@......#
#...
....#####.##.#.#
##.. #.##.#.##
##.. #.##.#.(#
###..#
#.##.##.####...##
#.##.##...#..###
#.##.####....#
#.##.# ##.#.####
..##. #.#....#


You could see an ogre and 3 orcs.

Vanquished Creatures
  An orc wizard (D:3)
  A worker ant (D:4)
  3 gnolls (D:3)
  5 adders
  2 worms (D:3)
  3 giant geckos
  An ooze (D:1)
  10 orcs
  9 bats
  3 giant cockroaches
  5 goblins
  7 hobgoblins
  3 quokkas
  3 giant newts
  9 kobolds
  20 rats
85 creatures vanquished.

Notes
Turn   | Place    | Note
--------------------------------------------------------------
     0 | D:1      | Johnny, the Demigod Ice Elementalist, began the quest for the Orb.
     0 | D:1      | Reached XP level 1. HP: 14/14 MP: 3/3
   630 | D:1      | Reached XP level 2. HP: 2/22 MP: 2/4
   910 | D:1      | Learned a level 2 spell: Throw Frost
  1510 | D:2      | Reached skill level 3 in Ice Magic
  1649 | D:2      | Reached skill level 1 in Fighting
  1649 | D:2      | Reached XP level 3. HP: 26/28 MP: 0/8
  2819 | D:3      | Reached XP level 4. HP: 25/35 MP: 5/10
  2942 | D:3      | Found a blossoming altar of Fedhas.
  3391 | D:3      | Reached skill level 1 in Armour
  3650 | D:3      | Found a stormy altar of Qazlal.
  3898 | D:3      | Reached XP level 5. HP: 22/41 MP: 2/12
  4468 | D:4      | Noticed an ogre
  4495 | D:4      | Slain by an ogre

Action                   |  1- 3 |  4- 6 || total
-------------------------+-------+-------++-------
Melee: Club              |    72 |    20 ||    92
       Unarmed           |    12 |       ||    12
       Trident           |       |   118 ||   118
 Cast: Freeze            |    17 |    28 ||    45
       Throw Frost       |    21 |    13 ||    34
  Use: Potion            |     3 |       ||     3
       Scroll            |       |     5 ||     5
 Stab: Sleeping          |     2 |     1 ||     3
  Eat: Chunk             |     7 |     7 ||    14
